 Dungeon Crawl Stone Soup version 0.30-a0-782-ge64f9170bb (webtiles) character file.

Game seed: 13502389684222105146

15400 Mgcat the Protected (level 12, 0/110 HPs)
             Began as an Armataur Fighter on Feb 21, 2023.
             Was an Elder of Okawaru.
             Slain by a reaper
             ... wielding a +0 scythe of freezing
              (1 damage)
             ... in an ice cave on Feb 22, 2023.
             The game lasted 00:22:41 (13380 turns).

Mgcat the Protected (Armataur Fighter)             Turns: 13380, Time: 00:22:42

Health: 0/110      AC: 19    Str: 25    XL:     12   Next: 0%
Magic:  11/12      EV: 12    Int: 10    God:    Okawaru [****..]
Gold:   269        SH:  8    Dex: 13    Spells: 11/11 levels left

rFire   + . .      SeeInvis .    a - +2 war axe
rCold   + + .      Faith    .    c - +0 buckler
rNeg    . . .      Spirit   .    x - +0 plate armour
rPois   .          Reflect  .    s - +1 helmet
rElec   .          Harm     .    o - scarf {rC+ rF+}
rCorr   .          Roll     +    t - +0 pair of fencer's gloves {Riposte Dex+3}
Will    .....                    (no barding) Stlth
                                 (no amulet)
HPRegen 0.38/turn                q - +5 ring of evasion
MPRegen 0.13/turn                y - ring of protection from cold {rC+, !d}

@: heroic
A: large, rugged brown scales 3, deformed body, armoured tail, roll, long
tongue, awkward tongue
a: Renounce Religion, Heroism, Finesse


You were in an ice cave.
You worshipped Okawaru.
Okawaru was greatly pleased with you.
You visited 2 branches of the dungeon, and saw 14 of its levels.
You also visited: Ossuary and Ice Cave.

You collected 671 gold pieces.
You spent 402 gold pieces at shops.

Inventory:

Hand Weapons
 a - a +2 war axe (weapon)
 v - a +0 broad axe
   (You found it on level 10 of the Dungeon)
Armour
 b - a scarf of shadows
   (You found it on level 8 of the Dungeon)
 c - a +0 buckler (worn)
 o - a scarf of resistance (worn)
   (You found it on level 5 of the Dungeon)
 s - a +1 helmet (worn)
   (You found it on level 4 of the Dungeon)
 t - the +0 pair of fencer's gloves (worn) {Riposte Dex+3}
   (You found it on level 5 of the Dungeon)

   Riposte:   It allows the wearer to riposte with melee weapons, swiftly
   retaliating against missed or blocked melee attacks.
   Dex:       It affects your dexterity (+3).
 x - a +0 plate armour (worn)
   (You took it off an orc warrior on level 7 of the Dungeon)
Jewellery
 q - a +5 ring of evasion (left hand)
   (You found it on level 3 of the Dungeon)
 y - a ring of protection from cold (right hand) {rC+, !d}
   (You found it on level 7 of the Dungeon)
Wands
 p - a wand of roots (2)
   (You found it on level 9 of the Dungeon)
 C - a wand of light (5)
   (You found it on level 11 of the Dungeon)
Scrolls
 i - 3 scrolls of teleportation
 r - a scroll of poison {!r}
 w - a scroll of magic mapping {!r}
 B - 2 scrolls of blinking {!r}
Potions
 d - a potion of experience {unknown}
 f - 2 potions of magic {unknown}
 g - 2 potions of flight
 h - 9 potions of curing
 j - 2 potions of mutation {!q}
 k - 2 potions of ambrosia
 l - a potion of haste
 m - a potion of lignification {!q}
 n - 3 potions of degeneration {!q}
 u - 4 potions of attraction {!q}
 z - a potion of invisibility
 A - 5 potions of brilliance
 E - a potion of berserk rage {!q}
Miscellaneous
 e - a lightning rod (4/4)
   (You found it on level 9 of the Dungeon)


   Skills:
 + Level 8.6(13.6) Fighting
 * Level 10.7(15.7) Axes
 + Level 11.2(16.2) Armour
 + Level 10.2(15.2) Shields


You had 11 spell levels left.
You didn't know any spells.
Your spell library contained the following spells:

 Spells                   Type           Power      Damage    Failure   Level
 Magic Dart               Conj           0%         1d3       96%         1
 Shock                    Conj/Air       0%         1d3       96%         1
 Inner Flame              Hex/Fire       0%         N/A       100%        3
 Mephitic Cloud           Conj/Pois/Air  0%         N/A       100%        3
 Stone Arrow              Conj/Erth      0%         3d7       100%        3
 Swiftness                Air            0%         N/A       100%        3
 Airstrike                Air            0%         2d(0-16)  100%        4
 Cause Fear               Hex            0%         N/A       100%        4
 Petrify                  Tmut/Erth      0%         N/A       100%        4
 Alistair's Intoxication  Tmut/Pois      0%         N/A       100%        5
 Borgnjor's Vile Clutch   Necr/Erth      0%         N/A       100%        5
 Metabolic Englaciation   Hex/Ice        0%         N/A       100%        5
 Eringya's Noxious Bog    Tmut/Pois      0%         N/A       100%        6
 Statue Form              Tmut/Erth      0%         N/A       100%        6
 Storm Form               Tmut/Air       0%         N/A       100%        7
 Discord                  Hex            0%         N/A       100%        8
 Lehudib's Crystal Spear  Conj/Erth      0%         10d2      100%        8
 Maxwell's Capacitive Co  Air            0%         ∞         100%        8
 Call Imp                 Summ           Unusable   N/A       N/A         2
 Animate Armour           Summ/Erth      Unusable   N/A       N/A         4
 Summon Lightning Spire   Summ/Air       Unusable   N/A       N/A         4

Dungeon Overview and Level Annotations

Branches:
Dungeon (13/15)            Temple (1/1) D:7            Lair (0/5) D:8
Ossuary (visited)           IceCv (1/1)
    Orc: D:9-12      Vaults: D:13-14

Altars:
Cheibriados
Elyvilon
Fedhas
Gozag
Hepliaklqana
Kikubaaqudgha
Makhleb
Nemelex Xobeh
Okawaru
Qazlal
Ru
Sif Muna
Trog
Uskayaw
Yredelemnul
Zin
The Shining One

Shops:
D:2 [   D:3 !   D:7 [   D:9 !*!

Annotations:
D:9 1 exclusion


Innate Abilities, Weirdness & Mutations

You are completely covered in rugged brown scales. (AC +3, +7% HP)
Armour fits poorly on your strangely shaped body.
You have a long armoured tail.
You roll when moving toward enemies. (Rampage)
Your long tongue fully drains potion bottles. (2x potion effects)
Your tongue gives you trouble enunciating. (1.5x scroll delay)


Message History

You miss the spriggan simulacrum.
The spriggan simulacrum hits you but does no damage.
You miss the spriggan simulacrum. You tail-slap the spriggan simulacrum!
The spriggan simulacrum is moderately damaged.
The spriggan simulacrum hits you but does no damage.
Spoiler Alert: The spriggan simulacrum can hit for moderate damage in melee!
You barely miss the spriggan simulacrum.
The spriggan simulacrum is moderately damaged.
The spriggan simulacrum closely misses you.
You slash the spriggan simulacrum!
The spriggan simulacrum is severely damaged.
You miss the spriggan simulacrum.
The spriggan simulacrum is severely damaged.
The spriggan simulacrum hits you but does no damage.
Spoiler Alert: The spriggan simulacrum can hit for moderate damage in melee!
You closely miss the spriggan simulacrum.
The spriggan simulacrum is severely damaged.
The spriggan simulacrum hits you but does no damage.
You slash the spriggan simulacrum!
The spriggan simulacrum vaporises!
Okawaru accepts your kill.
No target in view!
A troll simulacrum comes into view.
Spoiler Alert: The troll simulacrum can hit for moderate damage in melee!
The troll simulacrum bites you but does no damage.
The troll simulacrum claws you but does no damage. x2
You hit the troll simulacrum.
The troll simulacrum is lightly damaged.
The troll simulacrum barely misses you.
The troll simulacrum claws you but does no damage. x2
Spoiler Alert: The troll simulacrum can hit for moderate damage in melee!
You hit the troll simulacrum.
The troll simulacrum is lightly damaged.
You hit the troll simulacrum. You tail-slap the troll simulacrum!
The troll simulacrum is heavily damaged.
The troll simulacrum bites you! The troll simulacrum freezes you. You resist.
The troll simulacrum claws you but does no damage.
You block the troll simulacrum's attack.
You riposte.
You barely miss the troll simulacrum.
You tail-slap the troll simulacrum, but do no damage.
The troll simulacrum is heavily damaged.
You take 12 damage, and have 98/110 hp.
Spoiler Alert: The troll simulacrum can hit for moderate damage in melee!
You slice the troll simulacrum!!
The troll simulacrum vaporises!
Okawaru accepts your kill.
No target in view!
Saving game... please wait.
Options error: Bad object type '%}\|' for autopickup. (~/.crawlrc:1972) Bad channel name for runrest: 'Jiyva says: Divide and consume' Welcome back, Mgcat the Armataur Fighter.
Okawaru says: Bring me glory in combat!
Press ? for a list of commands and other information.
HP restored.
An ice devil and a reaper come into view.
The reaper is wielding a +0 scythe of freezing and wearing a +0 robe of cold resistance.
Health restored: 110 You gain the combat prowess of a mighty hero.
You now have 10/12 mp.
You closely miss the ice devil.
The ice devil hits you but does no damage.
You hit the ice devil but do no damage. You slash the ice devil!
You tail-slap the ice devil.
The ice devil is moderately wounded.
The ice devil misses you.
You hit the ice devil but do no damage.
The ice devil is moderately wounded.
The ice devil hits you but does no damage.
You block the reaper's attack.
The reaper hits you from afar with a +0 scythe of freezing!!
The reaper freezes you. You block the ice devil's attack.
You take 20 damage, and have 90/110 hp.
You block the ice devil's attack.
You riposte.
You slash the ice devil!
Your tail-slap misses the ice devil.
The ice devil is heavily wounded.
You hit the reaper but do no damage. You block the reaper's attack.
You riposte.
You hit the reaper but do no damage. You completely miss the ice devil.
You hit the reaper but do no damage.
You tail-slap the reaper, but do no damage.
You slash the ice devil! You closely miss the ice devil.
You tail-slap the ice devil, but do no damage.
The ice devil is severely wounded.
You completely miss the reaper.
The reaper hits you with a +0 scythe of freezing!!!
The reaper freezes you. The ice devil hits you! The ice devil freezes you!
You resist.
* * * LOW HITPOINT WARNING * * *
You take 60 damage, and have 30/110 hp.
MASSIVE DAMAGE!!
You hit the reaper but do no damage. You slash the ice devil!
The ice devil barely misses you.
You riposte.
You barely miss the ice devil. You tail-slap the ice devil.
You kill the ice devil!
Okawaru accepts your kill.
You slash the reaper!
The reaper hits you with a +0 scythe of freezing!!
* * * LOW HITPOINT WARNING * * *
The reaper freezes you.
You die...

#..### ...........#.###.......
##...##[..##.........#........
##...## #######............
##...### ###..........
###.°.###### ###........
##°○.....#### ###.#....
###.§.........# ####..#
###.○°.○....##.... ##≈##...#
##.§.#..####.@##... #.≈≈≈.#..
##...§§..#...2....#.....#≈≈≈##.
##..§§#☼.##......### .. #####..
#...§§§§##....§☼## ##...
##..§§§§..°☼☼#.○°.. #...#
##.....###°.#☼☼### #...#
###..#. .☼○#.☼°. ##...
####....§#°°#.. ##...
###.....##. ##....


You could see a reaper.

Vanquished Creatures
  A boulder beetle (D:11)
  4 two-headed ogres
  3 deep elf pyromancers (D:13)
  2 ice statues (IceCv)
  2 komodo dragons
  4 ice devils (IceCv)
  An efreet (D:13)
  2 trolls
  A shadow (D:9)
  2 vampires
  3 wyverns
  A basilisk (D:11)
  3 wraiths
  11 yaks
  2 steam dragons
  2 wargs (D:8)
  Menkaure (Ossuary)
  A harpy simulacrum (IceCv)
  6 vampire mosquitoes
  3 acid dragons
  4 orc warriors
  An ice beast (D:5)
  A black bear (D:6)
  2 sky beasts
  3 ogres
  2 centaurs
  A phantom (D:5)
  2 kobold brigands
  2 bullfrogs (D:9)
  6 necrophages
  3 scorpions
  A cane toad simulacrum (IceCv)
  6 wights
  2 elephant simulacra (IceCv)
  3 killer bees (D:9)
  4 howler monkeys
  A jelly (D:4)
  A hound (D:6)
  A gnoll bouda (D:6)
  5 orc priests
  2 iguanas (D:6)
  5 orc wizards
  4 spriggan simulacra (IceCv)
  4 troll simulacra (IceCv)
  2 wolf simulacra (IceCv)
  3 mummies (Ossuary)
  Robin (D:3)
  3 gnolls
  12 adders
  6 naga simulacra (IceCv)
  2 shadow imps (D:7)
  12 white imps (D:12)
  An ufetubus (D:6)
  A worm (D:5)
  9 orcs
  3 bats
  5 endoplasms
  3 giant cockroaches (D:2)
  19 goblins
  11 hobgoblins
  9 jackals (D:2)
  9 kobolds
  A quokka (D:3)
  8 ball pythons
  5 gnoll skeletons (Ossuary)
  6 gnoll zombies (Ossuary)
  4 goblin skeletons (Ossuary)
  3 goblin zombies (Ossuary)
  3 hobgoblin skeletons (Ossuary)
  2 hobgoblin zombies (Ossuary)
  2 kobold skeletons (Ossuary)
  5 kobold zombies (Ossuary)
  5 orc skeletons (Ossuary)
  6 orc zombies (Ossuary)
  5 rats
  6 rat skeletons (Ossuary)
  3 rat zombies (Ossuary)
296 creatures vanquished.

Notes
Turn   | Place    | Note
-------+----------+-------------------------------------------
     0 | D:1      | Mgcat the Armataur Fighter began the quest for the Orb.
     0 | D:1      | Reached XP level 1. HP: 19/19 MP: 1/1
   273 | D:1      | Reached XP level 2. HP: 26/26 MP: 2/2
   519 | D:1      | Reached skill level 2 in Axes
   767 | D:2      | HP: 6/26 [adder (2)]
   769 | D:2      | Reached skill level 3 in Fighting
   769 | D:2      | Reached skill level 4 in Armour
   769 | D:2      | Reached XP level 3. HP: 8/33 MP: 3/3
  1048 | D:2      | Found Zosuore's Antique Armour Shoppe.
  1154 | D:2      | Reached XP level 4. HP: 32/40 MP: 4/4
  1771 | D:3      | Found Orruutot's Distillery.
  1774 | D:3      | Bought a potion of heal wounds for 70 gold pieces
  1949 | D:3      | Noticed a +0 short sword
  1950 | D:3      | Noticed a +0 dagger
  1952 | D:3      | Noticed a +0 spear
  1952 | D:3      | Noticed a +0 falchion
  1952 | D:3      | Noticed a +0 dagger
  1952 | D:3      | Noticed a +0 short sword
  1954 | D:3      | Noticed a +0 falchion
  1956 | D:3      | Noticed a +0 spear
  1957 | D:3      | Found a hide-covered altar of Uskayaw.
  1963 | D:3      | Reached skill level 4 in Shields
  1977 | D:3      | Noticed Robin
  2003 | D:3      | Reached skill level 3 in Axes
  2006 | D:3      | Killed Robin
  2007 | D:3      | Reached XP level 5. HP: 42/48 MP: 5/5
  2445 | D:3      | Bought a potion of curing for 42 gold pieces
  2541 | D:4      | Noticed an ogre
  2654 | D:4      | Noticed an ogre
  2664 | D:5      | Entered Level 5 of the Dungeon
  2673 | D:5      | Reached XP level 6. HP: 40/55 MP: 6/6
  2859 | D:5      | Reached skill level 5 in Armour
  2964 | D:5      | Reached skill level 4 in Axes
  3295 | D:5      | Found a large runed translucent door.
  3295 | D:5      | Found a large runed translucent door.
  3529 | D:5      | Found a glowing silver altar of Zin.
  3529 | D:5      | Found the +0 pair of fencer's gloves {Riposte Dex+3}
  3535 | D:5      | Reached skill level 4 in Fighting
  3535 | D:5      | Noticed an ice beast
  3545 | D:5      | Killed an ice beast
  3546 | D:5      | Reached XP level 7. HP: 63/63 MP: 7/7
  3560 | D:5      | Found a bloodstained altar of Trog.
  3582 | D:6      | Reached skill level 5 in Shields
  3852 | D:4      | Reached skill level 5 in Axes
  3852 | D:4      | Reached skill level 6 in Armour
  3953 | D:4      | Reached XP level 8. HP: 27/71 MP: 8/8
  4630 | D:6      | Reached skill level 6 in Shields
  4632 | D:6      | Reached skill level 5 in Fighting
  4683 | D:6      | Reached skill level 6 in Axes
  4685 | D:6      | Reached skill level 7 in Armour
  5169 | D:7      | Found a staircase to the Ecumenical Temple.
  5201 | Temple   | Entered the Ecumenical Temple
  5204 | Temple   | Became a worshipper of Warmaster Okawaru
  5303 | D:7      | Reached XP level 9. HP: 49/79 MP: 9/9
  5744 | D:7      | Found Xuguon's Armour Boutique.
  6242 | D:3      | Bought a potion of flight for 42 gold pieces
  6242 | D:3      | Bought a potion of invisibility for 112 gold pieces
  6242 | D:3      | Bought a potion of brilliance for 56 gold pieces
  6331 | D:8      | Found a sand-covered staircase.
  6338 | Ossuary  | Entered an ossuary
  6593 | Ossuary  | Noticed Menkaure
  6604 | Ossuary  | Killed Menkaure
  7061 | D:8      | Reached skill level 7 in Axes
  7061 | D:8      | Reached skill level 7 in Shields
  7071 | D:8      | Reached skill level 6 in Fighting
  7071 | D:8      | Reached skill level 8 in Armour
  7076 | D:8      | Reached * piety under Okawaru
  7271 | D:8      | HP: 19/80 [orc priest/divine providence (11)]
  7276 | D:8      | HP: 10/80 [orc priest/divine providence (11)]
  7437 | D:8      | Found a staircase to the Lair.
  7795 | D:8      | Reached ** piety under Okawaru
  7796 | D:8      | Reached XP level 10. HP: 66/82 MP: 10/10
  8215 | D:9      | Found Olut's Distillery.
  8218 | D:9      | Bought a potion of heal wounds for 80 gold pieces
  8311 | D:9      | Reached skill level 8 in Axes
  8393 | D:9      | Reached skill level 8 in Shields
  8400 | D:9      | Reached skill level 9 in Armour
  8406 | D:9      | Noticed a two-headed ogre
  8417 | D:9      | Killed a two-headed ogre
  8418 | D:9      | Reached skill level 7 in Fighting
  8644 | D:9      | Reached *** piety under Okawaru
  9078 | D:9      | Noticed an eight-headed hydra
  9078 | D:9      | Noticed a deep elf pyromancer
  9078 | D:9      | Noticed a manticore
  9288 | D:9      | Found a hazy altar of Hepliaklqana.
  9368 | D:9      | Found Hohouph's Assorted Antiques.
  9368 | D:9      | Found Nelis's Distillery.
  9518 | D:10     | Entered Level 10 of the Dungeon
  9586 | D:10     | Reached skill level 9 in Axes
  9593 | D:10     | Noticed a two-headed ogre
  9606 | D:10     | HP: 22/92 [two-headed ogre/+0 giant spiked club (16)]
  9612 | D:10     | Killed a two-headed ogre
  9612 | D:10     | Received a gift from Okawaru
  9613 | D:10     | Reached skill level 9 in Shields
  9613 | D:10     | Reached XP level 11. HP: 16/98 MP: 9/11
  9618 | D:10     | HP: 11/98 [yak (7)]
  9624 | D:10     | Reached skill level 10 in Armour
 10549 | D:11     | Noticed a boulder beetle
 10587 | D:11     | Killed a boulder beetle
 10587 | D:11     | Reached **** piety under Okawaru
 10745 | D:11     | Noticed a two-headed ogre
 10754 | D:11     | Killed a two-headed ogre
 11287 | D:11     | You fall into a shaft and drop 2 floors!
 11327 | D:13     | Reached skill level 8 in Fighting
 11527 | D:13     | Noticed a deep elf pyromancer
 11532 | D:13     | Killed a deep elf pyromancer
 11533 | D:13     | Reached skill level 10 in Axes
 11603 | D:13     | Noticed a two-headed ogre
 11611 | D:13     | Killed a two-headed ogre
 11611 | D:13     | Received a gift from Okawaru
 11706 | D:13     | HP: 24/100 [something (5)]
 11711 | D:13     | HP: 21/100 [something (5)]
 12036 | D:13     | Noticed a deep elf pyromancer
 12037 | D:13     | Noticed a deep elf pyromancer
 12051 | D:13     | Killed a deep elf pyromancer
 12064 | D:13     | Killed a deep elf pyromancer
 12261 | D:12     | Found a frozen archway.
 12426 | D:13     | Noticed an entropy weaver
 12428 | D:13     | Reached skill level 11 in Armour
 12428 | D:13     | Reached skill level 10 in Shields
 12430 | D:13     | an entropy weaver changed into a golden eye
 12439 | IceCv    | Entered an ice cave
 13069 | IceCv    | HP: 22/101 [ice devil (4)]
 13298 | IceCv    | Reached XP level 12. HP: 110/110 MP: 12/12
 13363 | IceCv    | Noticed a reaper
 13380 | IceCv    | HP: 1/110 [reaper/+0 scythe of freezing (29)]
 13380 | IceCv    | Slain by a reaper

Illustrated notes

Levels and vault maps discovered:
D:1:      eino_arrival_cavern_d, layout_basic
D:2:      layout_rooms, serial_shops, nicolae_shop_behind_doors, st_stairs_4
D:3:      layout_loops_cross, nicolae_uskayaw_en_pointe, serial_shops,
          nicolae_shop_behind_doors, uniq_robin
D:4:      layout_gridville
D:5:      layout_loops_ring, jmf_multi_god_temple2, kennysheep_boxes
D:6:      kb_forest_paths, layout_rooms
D:7:      layout_gridville, minmay_temple_entry_wispy, serial_shops,
          nicolae_shop_advertising_works [nicolae_subvault_shop_adworks]
D:8:      layout_loops_corners, erik_lair_orcish_takeover, enter_ossuary_1
D:9:      minmay_the_grid_triangle_9x9_rhombus_thin
          [minmay_the_grid_triangle_9x9_wacky_v,
          minmay_the_grid_triangle_9x9_prize_center,
          minmay_the_grid_triangle_9x9_thin_v,
          minmay_the_grid_triangle_9x9_swiss_cheese], layout_basic,
          mainiacjoe_overflow_concentric_impassable, serial_shops,
          kennysheep_mini, nicolae_wooded_promenade,
          minmay_fractal_squares_diagonal_5
D:10:     layout_irregular_city, enter_bailey_3
D:11:     layout_grid_maze, tso_altar
D:12:     layout_rooms, david_orc_3, portal_ice_cave_entry_imps,
          item_on_display_a
D:13:     layout_rooms, uniq_erolcha
Temple:   dpeg_three_leaves_temple
IceCv:    ice_cave_small_demon

Skill      XL: |  1  2  3  4  5  6  7  8  9 10 11 |
---------------+----------------------------------+-----
Axes           | 2 3 4 5 6 7 9 10 | 10.7
Fighting       | 3 4 5 6 7 8 |  8.6
Armour         | 4 5 6 7 8 9 11 | 11.2
Shields        | 4 5 6 7 9 10 | 10.2

Action                     |  1- 3 |  4- 6 |  7- 9 | 10-12 || total
---------------------------+-------+-------+-------+-------++-------
  Melee: War axe           |    89 |   150 |   352 |   424 ||  1015
         Tailslap          |     6 |    12 |    62 |    91 ||   171
 Invoke: Heroism           |       |       |       |     9 ||     9
    Use: Potion            |     1 |     1 |     3 |     3 ||     8
         Scroll            |       |       |    17 |     7 ||    24
 Armour: Scale mail        |    54 |    66 |    55 |       ||   175
         Plate armour      |       |       |    57 |   208 ||   265
  Dodge: Dodged            |    32 |    81 |   147 |   149 ||   409
  Block: Buckler           |    23 |    36 |    75 |   114 ||   248
Riposte: War axe           |       |       |    67 |    70 ||   137

Table legend: (Time is in decaauts)
 A = Elapsed time spent in this place.
 B = Non-inter-level travel time spent in this place.
 C = Inter-level travel time spent in this place.
 D = Time resting spent in this place.
 E = Time spent auto-exploring this place.
 F = Levels seen in this place.
 G = Mean time per level.
                   A        B        C        D        E       F      G
               +--------+--------+--------+--------+--------+-----+--------+
         Total |  13593 |  12871 |    722 |   2462 |   8198 |  16 |  849.6 |
       Dungeon |  12198 |  11476 |    722 |   1834 |   7833 |  13 |  938.3 |
        Temple |      6 |      6 |      0 |      0 |      0 |   1 |    6.0 |
       Ossuary |    454 |    454 |      0 |      0 |    237 |   1 |  454.0 |
      Ice Cave |    933 |    933 |      0 |    628 |    128 |   1 |  933.0 |
               +--------+--------+--------+--------+--------+-----+--------+

Top non-repeatable levels by time:
     D:9: 1401 daAuts
     D:8: 1390 daAuts
    D:13: 1095 daAuts
     D:6: 1077 daAuts
     D:5: 1051 daAuts
     D:7: 1042 daAuts
    D:10: 946 daAuts
   IceCv: 933 daAuts
     D:3: 918 daAuts
     D:4: 832 daAuts
    D:11: 825 daAuts
     D:1: 776 daAuts
     D:2: 767 daAuts
 Ossuary: 454 daAuts
    D:12: 72 daAuts

Table legend:
 A = Kills in this place as a percentage of kills in entire the game.
 B = Kills by you in this place as a percentage of kills by you in the entire game.
 C = Kills by friends in this place as a percentage of kills by friends in the entire game.
 D = Other kills in this place as a percentage of other kills in the entire game.
 E = Experience gained in this place as a percentage of experience gained in the entire game.
 F = Experience gained in this place divided by the number of levels of this place that you have seen.
                   A       B       C       D       E      F
               +-------+-------+-------+-------+-------+----------------------
         Total | 100.0 | 100.0 |   N/A |   N/A | 100.0 | 1397.4
       Dungeon |  73.0 |  73.0 |   N/A |   N/A |  85.0 | 1462.5
       Ossuary |  18.2 |  18.2 |   N/A |   N/A |   1.2 | 276.0
      Ice Cave |   8.8 |   8.8 |   N/A |   N/A |  13.7 | 3069.0
               +-------+-------+-------+-------+-------+----------------------
